← All builds
Geo sea / Armada / Economy first / OBSERVED BUILD

Standard geo sea

Armada Geo sea build order · Supreme Isthmus

Standard Geo sea play: bot lab then shipyard in the cove, an early submarine and destroyer to contest the sea, geothermal around 7:40 to fund the later fleet transition.

Usually shipyard in the cove (87%)

#naval #eco · 741 distinct matches · 101 players · 80% of Armada Geo sea games · team won 54% of 791 · Recently observed

HOW TO PLAY IT

Key timing: Shipyard by 3:13

  1. Open 3 mex and wind into Bot Lab.
  2. Put up Shipyard with naval turret and BP for defense.
  3. Send out "submarine" then "destroyer" to contest the sea.
  4. Bring geothermal online to fund the fleet.
  5. Add Advanced Metal Extractor as the economy transitions.

Phase by phase

TYPICAL OF ITS 741 GAMES
  1. 1
  2. 2
  3. 3
  4. 4
PLAY THE OPENING

Follow the example game's first 6:00 step by step: what to build now, what comes next, and where it goes. At 1× it keeps pace with your own game.

  1. 1

    Up to the Bot Lab

    Economy
    • Metal Extractor3Mex
    • Wind Turbine3Wind
    Order
    1. Bot LabBot Lab after 3 mex, 3 winddone ~1:12, middle half 1:06–1:18

    Some games also: wind for allies (44%)

    By 0:55 in all: 3 mex · 3 wind

    The example game in this phase · 4 steps
    1. Mex ×3
    2. Windfor Air
    3. Wind ×2
    4. Bot LabBot Labdone 1:16 · typical 1:12
  2. 2

    Bot Lab to Shipyard

    Economy
    • Metal Extractor1Mex
    • Wind Turbine1Wind
    Order
    1. ShipyardShipyard after 4 mex, 4 winddone ~3:11, middle half 2:50–3:36
    Builders
    • Construction Bot3 Con bot
    • Lazarus2 Lazarus

    Some games also: pawn (43%) · con turret (37%) · crossbow (35%)

    By 2:47 in all: 4 mex · 4 wind

    The example game in this phase · 4 steps
    1. Construction BotCon bot
    2. LazarusLazarus ×2
    3. Construction BotCon bot
    4. ShipyardShipyarddone 2:26 · typical 3:11
  3. 3

    Shipyard to 5:00

    Economy
    • Metal Extractor4Mex
    • Wind Turbine1Wind
    Builders
    • Construction Ship1 Con ship
    Army
    • Dolphin3 Dolphin
    • Skater1 Skater
    • Corsair1 Destroyer
    Other
    • Radar Tower1 Radar Tower

    Some games also: submarine (44%) · Sentry (44%) · converter (32%) · pawn (32%) · con turret (31%)

    By 5:00 in all: 8 mex · 7 wind · 1 energy storage · 1 con turret

    The example game in this phase · 20 steps
    1. LazarusLazarus ×2
    2. SkaterSkater ×2
    3. Mex
    4. PawnPawn
    5. EelSubmarinedone 3:09 · typical 4:21
    6. Construction ShipCon ship ×2
    7. Mex ×2
    8. Wind
    9. DolphinDolphin
    10. Mex
    11. DolphinDolphin
    12. Mex
    13. DolphinDolphin ×2
    14. Mex
    15. Energy storage
    16. DolphinDolphin
    17. Mex
    18. Grim ReaperGrim Reaper
    19. Naval Radar / Sonar TowerNaval Radar / Sonar Tower
    20. Mex
  4. 4

    5:00 to 10:00

    Economy
    • Metal Extractor2Mex
    • Wind Turbine12Wind
    • Energy Converter2Converter
    Builders
    • Construction Turret1 Con turret
    • Construction Ship1 Con ship
    • Grim Reaper1 Grim Reaper
    Army
    • Sentry1 Sentry
    • Dolphin5 Dolphin
    • Corsair2 Destroyer
    • Skater2 Skater

    Some games also: Radar Tower (48%) · geo (40%) · frigate (40%) · Harpoon (39%) · Naval Construction Turret (34%)

    By 10:00 in all: 11 mex · 19 wind · 1 geo · 4 converter · 1 energy storage · 2 con turret

    The example game in this phase · 132 steps
    1. SkaterSkater
    2. EelSubmarine
    3. Radar TowerRadar Tower
    4. HarpoonHarpoon
    5. Wind
    6. NettleNettle
    7. Wind
    8. Naval Radar / Sonar TowerNaval Radar / Sonar Tower
    9. Construction ShipCon ship
    10. Wind
    11. DolphinDolphin ×2
    12. Wind
    13. Mex
    14. DolphinDolphin ×2
    15. Wind
    16. DolphinDolphin
    17. Grim ReaperGrim Reaper
    18. SkaterSkater
    19. EelSubmarine
    20. Construction ShipCon ship
    21. Naval Construction Turret
    22. Mex
    23. Wind
    24. Construction ShipCon ship
    25. Naval Construction Turret
    26. EelSubmarine
    27. Naval Radar / Sonar TowerNaval Radar / Sonar Tower
    28. Mex
    29. Wind
    30. Naval Construction Turret
    31. Advanced Metal ExtractorT2 mexdone 8:55 · typical 9:17
    32. EelSubmarine
    33. Tidal
    34. Wind
    35. Naval Radar / Sonar TowerNaval Radar / Sonar Tower
    36. Tidal
    37. EelSubmarine
    38. Tidal ×2
    39. EelSubmarine
    40. Tidal
    41. Wind
    42. Seaplane PlatformSeaplane Platformdone 8:58
    43. EelSubmarine ×2
    44. Tidal
    45. Wind
    46. Tidal
    47. Wind
    48. Naval Radar / Sonar TowerNaval Radar / Sonar Tower
    49. Advanced Metal ExtractorT2 mex
    50. SabreSabre
    51. Tidal
    52. Wind
    53. SabreSabre
    54. Tidal
    55. SabreSabre
    56. Tidal ×2
    57. Wind
    58. SabreSabre
    59. Tidal
    60. Naval Radar / Sonar TowerNaval Radar / Sonar Tower
    61. Mex
    62. SabreSabre
    63. Wind
    64. Tidal
    65. Naval Radar / Sonar TowerNaval Radar / Sonar Tower
    66. TsunamiTsunami
    67. Tidal
    68. Wind
    69. Advanced Metal ExtractorT2 mex
    70. TsunamiTsunami
    71. SabreSabre
    72. Tidal
    73. SabreSabre
    74. Tidal
    75. Wind
    76. Bot LabBot Labdone 11:15
    77. Tidal
    78. Construction BotCon bot
    79. Advanced ShipyardAdvanced Shipyarddone 12:03
    80. Tidal
    81. Naval Radar / Sonar TowerNaval Radar / Sonar Tower
    82. Wind
    83. Construction BotCon bot
    84. Advanced Metal ExtractorT2 mex
    85. Tidal
    86. Wind
    87. Construction BotCon bot
    88. Tidal
    89. Wind
    90. Construction BotCon bot ×2
    91. Advanced Construction SubAdvanced Construction Sub
    92. Construction BotCon bot
    93. Geothermal PowerplantGeodone 13:30 · typical 7:46
    94. Wind
    95. VoyagerVoyager
    96. Construction BotCon bot
    97. VoyagerVoyager
    98. Naval Advanced Metal ExtractorNaval Advanced Metal Extractordone 13:05
    99. Construction BotCon bot
    100. Wind
    101. VoyagerVoyager
    102. Construction BotCon bot
    103. VoyagerVoyager
    104. Construction BotCon bot
    105. VoyagerVoyager
    106. Wind
    107. VoyagerVoyager
    108. Naval NettleNaval Nettle
    109. VoyagerVoyager
    110. Naval Advanced Metal ExtractorNaval Advanced Metal Extractor
    111. Aircraft PlantAircraft Plantdone 13:39
    112. Advanced Metal ExtractorT2 mex
    113. Wind
    114. Naval NettleNaval Nettle ×2
    115. StorkLight transport
    116. Naval NettleNaval Nettle
    117. StorkLight transport
    118. Wind
    119. StorkLight transport
    120. Naval NettleNaval Nettle
    121. Naval Advanced Metal ExtractorNaval Advanced Metal Extractor
    122. Naval NettleNaval Nettle
    123. Wind ×2
    124. Naval Construction Turret
    125. Con turret
    126. Naval Construction Turret
    127. Advanced Metal ExtractorT2 mex
    128. Con turret
    129. Naval Construction Turret
    130. Wind
    131. Naval Construction Turret ×2
    132. Con turret

Counts are medians over the build's games: half of them build more, half fewer. The example game is krtf's (44 OS, 30/09/2026); pick another.

Team trades

IN AT LEAST 30% OF ITS GAMES

You hand over

  • Wind Turbine2 Wind to Airfirst at 1:41 · in 62% of games

You get

  • Finch1 Finch from Airfirst at 1:51 · in 74% of games
  • Hercules1 Light transport from Airfirst at 2:05 · in 63% of games
  • Advanced Construction Bot1 T2 con bot from Techfirst at 7:41 · in 89% of games

How it plays out

Typical game of this build, running totals by minute

Metal produced

010k20k30k
0:005:0010:0015:00

metal

Enemy metal destroyed

05k10k
0:005:0010:0015:00

metal

Own metal lost

02.5k5k7.5k
0:005:0010:0015:00

metal

791 games.

Show as table
ByMetal produced: This buildEnemy metal destroyed: This buildOwn metal lost: This build
1:0039500
2:0092800
3:00160200
4:002919051
5:00414517674
6:005553544312
7:0071121005650
8:00877617751054
9:001068325511695
10:001295135102275
11:001568346973191
12:001864157823974
13:002185969034814
14:002555779955686
15:002902091276710
WHAT THE NUMBERS SAY

Standard Armada geo sea nearly matches Cortex's economy numbers but wins slightly more often at 53%.

  • + Metal produced reaches 28785 by 15:00, the highest of the sea builds
  • + Own metal lost of 6895 stays well under enemy metal destroyed's 9048
  • − Geothermal only lands in 58% of games by 7:34
  • − T2 factory completes in only 40% of games by 12:43
THE EXAMPLE YOU ARE READING

krtf

44.5 OS · 30/09/2026

Open source match ↗

4 received units · includes a constructor
119 metal received · 22943 energy received

Allied construction assistance is unknown. Timings are observations, not a promise of solo reproducibility.

Typical milestones

Bot Lab1:12Middle 50%: 1:06–1:18 · n=759
Shipyard3:11Middle 50%: 2:50–3:36 · n=780
Eel4:21Middle 50%: 3:41–5:34 · n=473
Corsair5:36Middle 50%: 4:50–6:34 · n=730
Geothermal Powerplant7:46Middle 50%: 6:48–9:15 · n=482
Advanced Metal Extractor9:17Middle 50%: 8:37–10:06 · n=689

Played most by

Optimusprimenutt52games of this build_X_49games of this buildKingBenjai49games of this buildhaaven43games of this buildHummell34games of this build